 Dungeon Crawl Stone Soup version 0.29.1-2-gbd0b4ee654 (webtiles) character file.

Game seed: 10800383553500137001

21 xian the Firebug (level 2, -2/19 HPs)
             Began as a Demonspawn Fire Elementalist on Oct 23, 2022.
             Slain by Natasha (4 damage)
             ... on level 2 of the Dungeon.
             The game lasted 00:02:04 (1569 turns).

xian the Firebug (Demonspawn Fire Elementalist)     Turns: 1569, Time: 00:02:05

Health: -2/19      AC:  4    Str:  8    XL:     2   Next: 62%
Magic:  0/5        EV: 12    Int: 16    God:
Gold:   46         SH:  0    Dex: 13    Spells: 4/5 levels left

rFire   . . .      SeeInvis .   c - +0 long sword
rCold   . . .      Faith    .   (no shield)
rNeg    . . .      Spirit   .   a - +0 robe
rPois   .          Reflect  .   f - +0 helmet
rElec   .          Harm     .   g - +0 cloak
rCorr   .          Rampage  .   (no gloves)
Will    .....                   (no boots)
Stlth   ++........              (no amulet)
HPRegen 0.06/turn               (no ring)
MPRegen 0.09/turn               (no ring)

@: no status effects
A: demonic guardian 1
a: no special abilities


You were on level 2 of the Dungeon.
You visited 1 branch of the dungeon, and saw 2 of its levels.

You collected 46 gold pieces.

Inventory:

Hand Weapons
 c - a +0 long sword (weapon)
Armour
 a - a +0 robe (worn)
 f - a +0 helmet (worn)
 g - a +0 cloak (worn)
Jewellery
 h - an amulet of guardian spirit
Scrolls
 i - a scroll of identify {unknown}
Potions
 b - a potion of magic
 d - 2 potions of mutation {unknown}
 e - a potion of flight {unknown}


   Skills:
 + Level 2.0 Dodging
 + Level 1.8 Stealth
 + Level 2.2 Spellcasting
 + Level 1.1 Conjurations
 + Level 3.2 Fire Magic


You had 4 spell levels left.
You knew the following spells:

 Your Spells              Type           Power      Damage    Failure   Level
a - Foxfire               Conj/Fire      32%        2x1d5     9%          1

Your spell library contained the following spells:

 Spells                   Type           Power      Damage    Failure   Level
 Scorch                   Fire           24%        2d6       9%          2
 Conjure Flame            Conj/Fire      8%         6-21      24%         3
 Inner Flame              Hex/Fire       7%         N/A       30%         3
 Flame Wave               Conj/Fire      8%         2d5       63%         4


Dungeon Overview and Level Annotations

Branches:
Dungeon (2/15)

Altars:

Annotations:
D:2 Natasha


Innate Abilities, Weirdness & Mutations

A weak demonic guardian rushes to your aid.


Message History

The foxfire hits Natasha.
Natasha is moderately wounded.
You conjure some foxfire!
The foxfire hits Natasha.
Natasha is moderately wounded.
The foxfire hits Natasha.
Natasha is heavily wounded.
Natasha mumbles some strange words.
You conjure some foxfire!
The foxfire hits Natasha.
Natasha is severely wounded.
The foxfire hits the white imp but does no damage.
The foxfire hits the white imp.
The white imp is lightly wounded.
You conjure some foxfire!
The foxfire hits Natasha but does no damage.
Natasha is severely wounded.
Natasha casts a spell.
You are out of magic!
Unknown command.
Unknown command.
You completely miss Natasha.
Natasha is severely wounded.
The foxfire hits Natasha.
Natasha is almost dead.
The foxfire hits the white imp but does no damage.
The white imp is lightly wounded.
Natasha claws you!
The white imp hits you but does no damage.
Natasha closely misses you.
You closely miss Natasha.
Natasha is almost dead.
The white imp hits you. The white imp freezes you.
A demonic guardian appears!
Natasha claws you.
* * * LOW HITPOINT WARNING * * *
You barely miss Natasha.
Natasha is almost dead.
The white imp hits you but does no damage.
The crimson imp hits you.
* * * LOW HITPOINT WARNING * * *
Natasha claws you.
You die...

######...#
##..# #..#
##.##
######...#
#......†.#
#........#
#........#
#..5@5...#
#..5h...##
#.)....##
#.....##
.......#
.......##
.....[..#
.###....#


You could see Natasha (ally target), a crimson imp (summoned), a white imp
(summoned) and a friendly quasit (summoned).

Vanquished Creatures
  A worm (D:2)
  A dart slug (D:1)
  3 giant cockroaches (D:1)
  A hobgoblin (D:1)
  2 quokkas (D:1)
  A ball python (D:1)
  7 frilled lizards
  A rat (D:1)
17 creatures vanquished.

Vanquished Creatures (others)
  70 foxfires
  9 plants (D:1)
79 creatures vanquished.

Grand Total: 96 creatures vanquished

Notes
Turn   | Place    | Note
-------+----------+-------------------------------------------
     0 | D:1      | xian the Demonspawn Fire Elementalist began the quest for
                  | the Orb.
     0 | D:1      | Reached XP level 1. HP: 13/13 MP: 3/3
   378 | D:1      | Reached skill level 3 in Fire Magic
   378 | D:1      | Gained mutation: A weak demonic guardian rushes to your
                  | aid. [demonic ancestry]
   378 | D:1      | Reached XP level 2. HP: 19/19 MP: 0/5
  1559 | D:2      | Noticed Natasha
  1567 | D:2      | Noticed a crimson imp
  1569 | D:2      | Slain by Natasha

Illustrated notes

Levels and vault maps discovered:
D:1:      saegor_arrival_simple_e, layout_loops_corners,
          chequers_serial_rivers_room_a, minmay_lizard_king
D:2:      layout_rooms, grunt_ministairs_5, chequers_serial_rivers_small_3,
          grunt_decor_arrowhead, uniq_natasha

Skill      XL: |  1 |
---------------+----+-----
Dodging        | 2 |  2.0
Fire Magic     | 3 |  3.2
Stealth        | |  1.8
Spellcasting   | |  2.2
Conjurations   | |  1.1

Action                   || total
-------------------------++-------
Melee: Long sword        ||     5
 Cast: Foxfire           ||    41
Armor: Robe              ||     3
Dodge: Dodged            ||    14
